 Dungeon Crawl Stone Soup version 0.31.0-11-ge490571c62 (webtiles) character file.

Game seed: 6466325092785241836

19 Xavori the Trooper (level 2, -6/25 HPs)
             Began as a Djinni Chaos Knight on Jan 29, 2024.
             Was a Plaything of Xom.
             Mangled by an iron imp (10 damage)
             ... summoned by Xom
             ... on level 1 of the Dungeon.
             The game lasted 00:00:26 (519 turns).

Xavori the Trooper (Djinni Chaos Knight)             Turns: 519, Time: 00:00:27

Health: -6/25      AC:  5    Str: 17    XL:     2   Next: 95%
Gold:   28         EV: 12    Int: 13    God:    Xom [....*.] SH:  0 Dex: 12

rFire   + + .        a - +0 falchion (chaos)
rCold   x . .        (no shield)
rNeg    . . .        b - +2 leather armour
rPois   ∞            (no helmet)
rElec   .            (no cloak)
rCorr   .            (no gloves)
SInv    .            (boots unavailable)
Will    .....        (no amulet)
Stlth   +            f - +6 ring of strength
HPRegen 0.24/turn    (no ring)
MPRegen 0.00/turn

%: infuse magic (-7 HP)
@: flying
A: sickness immunity, fire resistance 2, cold vulnerability 1, float, innate
caster, HP casting, extra vitality 1
a: Renounce Religion


You were on level 1 of the Dungeon.
You worshipped Xom.
You were a beloved toy of Xom.
You visited 1 branch of the dungeon, and saw 1 of its levels.

You collected 28 gold pieces.

Inventory:

Hand Weapons
 a - a +0 falchion of chaos (weapon)
Armour
 b - a +2 leather armour (worn)
Jewellery
 f - a +6 ring of strength (left hand)
Scrolls
 c - a scroll of butterflies
 g - a scroll of revelation {unknown}
 h - a scroll of torment {unknown}
Potions
 d - a potion of might {unknown}
 e - 2 potions of curing {unknown}


   Skills:
 + Level 3.3 Fighting
 + Level 3.0 Long Blades
 + Level 1.1 Armour
 + Level 2.3 Dodging
 * Level 0.2 Spellcasting
 * Level 0.2 Conjurations
 * Level 0.2 Hexes
 * Level 0.2 Summonings
 * Level 0.2 Necromancy
 * Level 0.2 Translocations
 * Level 0.2 Fire Magic
 * Level 0.2 Ice Magic
 * Level 0.2 Air Magic
 * Level 0.2 Earth Magic
 * Level 0.2 Alchemy You didn't know any spells. Your spell library was empty.

Dungeon Overview and Level Annotations

Branches:
Dungeon (1/15)

Altars:


Innate Abilities, Weirdness & Mutations

You are immune to sickness and miasma.
You are immune to poison.
Your flesh is very heat resistant. (rF++)
You are vulnerable to cold. (rC-)
You float through the air rather than walking.
You learn spells naturally, not from books.
Your magical power is your life essence.
You have superior vitality. (+4 MHP)


Message History

Found 3 stones.
Found 9 gold pieces.
A hobgoblin is nearby!
A frilled lizard comes into view.
Found 3 stones.
There are monsters nearby!
The frilled lizard hisses angrily. "Let's see if it's strong enough to survive yet."
You hit the iron imp.
The iron imp seems to speed up.
The iron imp is lightly wounded.
The hobgoblin barely misses you.
The iron imp hits you but does no damage.
There are monsters nearby!
You hit the iron imp.
The iron imp is moderately wounded.
The iron imp hits you. The hobgoblin barely misses you.
There are monsters nearby!
You hit the iron imp.
The iron imp is heavily wounded.
The iron imp barely misses you. The hobgoblin hits you. The iron imp hits you!
The iron imp misses you.
The hobgoblin hits you but does no damage.
You are too injured to fight recklessly!
There are monsters nearby!
You are too injured to fight recklessly!
There are monsters nearby!
You are too injured to fight recklessly!
Unknown command.
You are too injured to fight recklessly!
The iron imp closely misses you. x2; The frilled lizard barely misses you.
The iron imp barely misses you. The frilled lizard closely misses you.
The iron imp attacks as it pursues you! The iron imp barely misses you.
The iron imp barely misses you. The iron imp attacks as it pursues you!
The iron imp barely misses you. The iron imp attacks as it pursues you!
The iron imp hits you. The iron imp hits you!
* * * LOW HITPOINT WARNING * * *
The iron imp attacks as it pursues you! The iron imp barely misses you.
The iron imp hits you!
You die...

###.###.#l################.#.####
#......................##.##....
###.......5##..#######.##.#.###'
#.....##..#..#.......##.#.#...
####.....###.#..#.###..###.#.#...
#........# #....#.# ##.'.'.#.+..<
#.####.#.# ##.g.#.# #####.#.#...
# #...#.# #..5..# #.#.#...
##....# #...@##### #.#.###+
+....######......# #.##....
#.......# ##..##.# #.#.####
#.......####...#.# #..#....
#.......'........#####.######
###.....####.#......##.......
#.....##...#......########'
##+##.##.....#......# #)
#.########.#..#.### #'


You could see 2 iron imps and a hobgoblin.

Vanquished Creatures
  3 endoplasms (D:1)
  3 goblins (D:1)
  A hobgoblin (D:1)
  2 kobolds (D:1)
  2 quokkas (D:1)
  2 ball pythons (D:1)
  2 frilled lizards (D:1)
  2 rats (D:1)
17 creatures vanquished.

Notes
Turn   | Place    | Note
-------+----------+-------------------------------------------
     0 | D:1      | Xavori the Djinni Chaos Knight began the quest for the Orb.
     0 | D:1      | Reached XP level 1. HP: 20/20 MP: 0/0
    44 | D:1      | XOM: divination: detect items
   111 | D:1      | Reached XP level 2. HP: 25/25 MP: 0/0
   287 | D:1      | XOM: polymorph hobgoblin -> endoplasm
   500 | D:1      | XOM: summons 2 hostile demons
   519 | D:1      | Mangled by an iron imp

Illustrated notes

Levels and vault maps discovered:
D:1:      matt_arrival_los_fun, layout_basic, st_stairs_7

Skill      XL: |  1  2 |
---------------+-------+-----
Long Blades    | 3 |  3.0
Fighting       | |  3.3
Armour         | |  1.1
Dodging        | |  2.3
Spellcasting   | |  0.2
Conjurations   | |  0.2
Hexes          | |  0.2
Summonings     | |  0.2
Necromancy     | |  0.2
Translocations | |  0.2
Fire Magic     | |  0.2
Ice Magic      | |  0.2
Air Magic      | |  0.2
Earth Magic    | |  0.2
Alchemy        | |  0.2

Action                     || total
---------------------------++-------
  Melee: Falchion          ||    47
 Armour: Leather armour    ||    33
  Dodge: Dodged            ||    33
